 Dungeon Crawl Stone Soup version 0.27.1-33-g824d729ab1 (webtiles) character file.

Game seed: 5819304169114204711

10 vvl the Covered (level 2, -4/19 HPs)
             Began as a Gargoyle Fighter on Dec 29, 2021.
             Frozen to death by an endoplasm (5 damage)
             ... on level 1 of the Dungeon.
             The game lasted 00:01:50 (390 turns).

vvl the Covered (Gargoyle Fighter)                   Turns: 390, Time: 00:01:52

Health: -4/19      AC:  9    Str: 19    XL:     2   Next: 20%
Magic:  2/2        EV:  7    Int:  8    God:
Gold:   11         SH:  9    Dex:  9    Spells: 1/1 levels left

rFire    . . .     SeeInvis .   a - +0 flail
rCold    . . .     Faith    .   c - +0 kite shield
rNeg     + . .     Spirit   .   b - +0 scale mail
rPois    ∞         Reflect  .   (no helmet)
rElec    +         Harm     .   (no cloak)
rCorr    .         Rampage  .   (no gloves)
Will     .....                  (no boots)
Stlth    ..........             (no amulet)
HPRegen  0.06/turn              (no ring)
MPRegen  0.08/turn              (no ring)

@: no status effects
A: sickness immunity, AC +2, negative energy resistance 1, electricity
resistance, torment resistance 1, petrification resistance
a: no special abilities


You were on level 1 of the Dungeon.
You visited 1 branch of the dungeon, and saw 1 of its levels.

You collected 11 gold pieces.

Inventory:

Hand Weapons
 a - a +0 flail (weapon)
Armour
 b - a +0 scale mail (worn)
 c - a +0 kite shield (worn)
Potions
 d - a potion of might


   Skills:
 + Level 3.4 Fighting
 * Level 2.3 Maces & Flails
 + Level 3.4 Armour
 + Level 3.4 Shields


You had one spell level left.
You didn't know any spells.
Your spell library was empty.

Dungeon Overview and Level Annotations

Branches:
Dungeon (1/15)

Altars:


Innate Abilities, Weirdness & Mutations

You are immune to sickness and miasma.
Your stone body is resilient. (AC +2)
You are immune to poison.
You resist negative energy. (rN+)
You are resistant to electric shocks. (rElec)
You are resistant to unholy torment.
You are immune to petrification.


Message History

You kill the goblin!
You block the bat's attack.
You closely miss the bat. The bat hits you but does no damage. x2
You barely miss the bat. The bat hits you but does no damage.
You block the bat's attack.
You barely miss the bat. The bat hits you but does no damage. The bat hits you.
* * * LOW HITPOINT WARNING * * *
You block the bat's attack. x2
You hit the bat.
The bat is moderately wounded.
The bat hits you but does no damage. The bat barely misses you.
You miss the bat. The bat closely misses you. The bat barely misses you.
You closely miss the bat. The bat hits you but does no damage. x2
You block the bat's attack.
Your shield prevents you from hitting the bat.
The bat hits you but does no damage. You block the bat's attack.
You closely miss the bat. The bat hits you but does no damage.
You block the bat's attack. The bat barely misses you.
You sock the bat!
You kill the bat!
You have reached level 2!
You hit the goblin.
You kill the goblin!
Your scale mail prevents you from hitting the goblin.
The goblin hits you with a +0 dagger.
* * * LOW HITPOINT WARNING * * *
The goblin hits you with a +0 dagger.
* * * LOW HITPOINT WARNING * * *
You hit the goblin.
The goblin is heavily wounded.
You block the goblin's attack.
You hit the goblin.
You kill the goblin!
Your scale mail prevents you from hitting the endoplasm.
The endoplasm freezes you.
You are frozen.
* * * LOW HITPOINT WARNING * * *
The endoplasm freezes you.
You are frozen.
You die...

#.####...........#
#......#########.#
######.#.....# #.#
#.#.###.# #.#
###############.#.# #.# #.#
#............##.#####.# #.#
+............##.......# #.#
#............############.#
.............'.J@.........#
.............##############
.............#
.............#
....##.....### ....##.....#
#.†..#.....# .....#.....#
..#..#.....#


You could see an endoplasm.

Vanquished Creatures
  3 bats (D:1)
  A giant cockroach (D:1)
  3 goblins (D:1)
  A quokka (D:1)
8 creatures vanquished.

Notes
Turn   | Place    | Note
-------+----------+-------------------------------------------
     0 | D:1      | vvl the Gargoyle Fighter began the quest for the Orb.
     0 | D:1      | Reached XP level 1. HP: 14/14 MP: 1/1
   386 | D:1      | Reached XP level 2. HP: 7/19 MP: 2/2
   390 | D:1      | Frozen to death by an endoplasm

Illustrated notes

Levels and vault maps discovered:
D:1:      dpeg_arrival_chambers_temple_mockup, layout_basic,
          hangedman_decor_lopped

Action                   || total
-------------------------++-------
Melee: Flail             ||    39
Armor: Scale mail        ||    39
Dodge: Dodged            ||    18
Block: Kite shield       ||    30
